 Dungeon Crawl Stone Soup version 0.20-a0-465-g6513c8f (webtiles) character file.

35 tsouns the Digger (level 3, -3/24 HPs)
             Began as a Demonspawn Earth Elementalist on Jan 12, 2017.
             Slain by a gnoll
             ... wielding a +0 halberd
              (7 damage)
             ... on level 2 of the Dungeon.
             The game lasted 00:03:29 (1203 turns).

tsouns the Digger (Demonspawn Earth Elementalist)   Turns: 1203, Time: 00:03:30

Health: -3/24      AC:  2    Str:  8    XL:     3   Next: 17%
Magic:  4/7        EV: 12    Int: 17    God:
Gold:   18         SH:  0    Dex: 13    Spells: 1/7 levels left

rFire  . . .     SeeInvis +     (no weapon)
rCold  . . .     Gourm    .     c - +0 robe
rNeg   . . .     Faith    .     (no shield)
rPois  .         Spirit   .     (no helmet)
rElec  .         Reflect  .     (no cloak)
rCorr  .         Harm     .     (no gloves)
MR     .....                    (no boots)
Stlth  ++........               (no amulet)
                                (no ring)
                                m - ring of see invisible

@: very slightly contaminated
A: talons 1, demonic guardian 1
a: no special abilities


You were on level 2 of the Dungeon.
You were not hungry.

You visited 1 branch of the dungeon, and saw 2 of its levels.

You collected 18 gold pieces.

Inventory:

Hand Weapons
 f - a +1 whip
Missiles
 b - 56 stones (quivered)
Armour
 c - a +0 robe (worn)
Jewellery
 m - a ring of see invisible (left hand)
Potions
 g - a potion of curing {unknown}
 h - a potion of brilliance
 j - 2 potions of agility {unknown}
 l - a potion of heal wounds {unknown}
Books
 e - a book of Geomancy

   Spells                             Type                      Level
   a - Sandblast                      Earth                        1
   b - Passwall                       Transmutation/Earth          2
   c - Stone Arrow                    Conjuration/Earth            3
   d - Petrify                        Transmutation/Earth          4
   e - Lee's Rapid Deconstruction     Earth                        5
Comestibles
 a - 2 meat rations
 d - a bread ration


   Skills:
 - Level 1.7 Dodging
 - Level 1.7 Stealth
 + Level 0.8 Unarmed Combat
 + Level 2.6 Spellcasting
 + Level 0.0 Conjurations
 - Level 0.8 Transmutations
 + Level 3.2 Earth Magic


You had one spell level left.
You knew the following spells:

 Your Spells              Type           Power        Failure   Level  Hunger
a - Sandblast             Erth           ##....       6%          1    #......
b - Passwall              Tmut/Erth      #.........   14%         2    ##.....
c - Stone Arrow           Conj/Erth      #.....       30%         3    ###....


Dungeon Overview and Level Annotations

Branches:
Dungeon (2/15)

Altars:


Innate Abilities, Weirdness & Mutations

You have sharp toenails.
A weak demonic guardian rushes to your aid.


Message History

Aim: a gnoll, wielding a halberd The blast of sand hits the gnoll.
The gnoll is lightly wounded.
b - 56 stones The gnoll hits you from afar with a halberd!
Ouch! That really hurt!
Casting: Sandblast
Confirm with . or Enter, or press ? or * to list all spells.
Aiming: Stone Arrow
Press: ? - help, Shift-Dir - straight line, f/p - gnoll
Aim: a gnoll, wielding a halberd (lightly wounded)
You miscast Stone Arrow.
You are very lightly contaminated with residual magic.
You feel momentarily lethargic.
The gnoll hits you from afar with a halberd!
* * * LOW HITPOINT WARNING * * *
You see here a glowing spear.
There is a stone staircase leading up here.
The gnoll hits you from afar with a halberd!
You die...

#### ....... ......
...# ##.#####
#...@..#
#.###########..#...#
#.......<...#...g..#
.(.###............#
#.###.#..###.#
#####.#......#
...#.######
###..#..g...#
..#..######)#


You could see a gnoll.

Vanquished Creatures
  A gnoll (D:1)
  A dart slug (D:1)
  2 leopard geckos (D:1)
  A giant cockroach (D:1)
  3 goblins (D:1)
  3 hobgoblins (D:1)
  2 kobolds (D:1)
  4 bats
  A frilled lizard (D:1)
  3 rats
21 creatures vanquished.

Notes
Turn   | Place    | Note
-------+----------+-------------------------------------------
     0 | D:1      | tsouns the Demonspawn Earth Elementalist began the quest for the Orb.
     0 | D:1      | Reached XP level 1. HP: 13/13 MP: 3/3
   452 | D:1      | Reached skill level 3 in Earth Magic
   457 | D:1      | Gained mutation: You have sharp toenails. [demonic ancestry]
   457 | D:1      | Reached XP level 2. HP: 10/19 MP: 0/5
   812 | D:1      | Gained mutation: A weak demonic guardian rushes to your aid. [demonic ancestry]
   812 | D:1      | Reached XP level 3. HP: 24/24 MP: 4/7
   835 | D:1      | Learned a level 2 spell: Passwall
   839 | D:1      | Learned a level 3 spell: Stone Arrow
  1203 | D:2      | Slain by a gnoll

Vault maps used:
D:1:      dpeg_arrival_chambers_temple_mockup, minmay_fountain_box,
          kennysheep_decorative_pillar
D:2:      first_bread

Skill      XL: |  1 |
---------------+----+-----
Earth Magic    | 3 |  3.2
Dodging        | |  1.7
Stealth        | |  1.7
Unarmed Combat | |  0.8
Spellcasting   | |  2.6
Transmutations | |  0.8

Action                   || total
-------------------------++-------
Melee: Whip              ||    17
       Unarmed           ||    16
       Kick              ||     1
 Cast: Sandblast         ||    21
  Use: Scroll            ||     3
 Stab: Sleeping          ||     1
       Distracted        ||     1
  Eat: Chunk             ||     1
Armor: Robe              ||    15
Dodge: Dodged            ||    33
